 Dungeon Crawl Stone Soup version 0.21.1-1-g345015fe64 (webtiles) character file.

154 Jannitor the Vexing (level 5, 0/35 HPs)
             Began as a Demonspawn Enchanter on Mar 11, 2018.
             Succumbed to Edmund's poison
             ... on level 3 of the Dungeon.
             The game lasted 00:06:28 (3405 turns).

Jannitor the Vexing (Demonspawn Enchanter)          Turns: 3405, Time: 00:06:29

Health: 0/35       AC:  2    Str:  8    XL:     5   Next: 13%
Magic:  8/8        EV: 12    Int: 17    God:
Gold:   44         SH:  0    Dex: 14    Spells: 5/8 levels left

rFire    . . .     SeeInvis .   s - +4 short sword
rCold    . . .     Gourm    .   (no shield)
rNeg     . . .     Faith    .   b - +0 robe
rPois    .         Spirit   .   (no helmet)
rElec    .         Reflect  .   (no cloak)
rCorr    .         Harm     .   (no gloves)
MR       .....                  (no boots)
Stlth    +++.......             (no amulet)
HPRegen  0.11/turn              (no ring)
MPRegen  0.11/turn              (no ring)

@: lethally poisoned (0 -> -6), invisible
A: claws 1, talons 2
a: no special abilities


You were on level 3 of the Dungeon.
You were not hungry.

You visited 1 branch of the dungeon, and saw 4 of its levels.

You collected 44 gold pieces.

Inventory:

Hand Weapons
 a - a +1 dagger
 s - a +4 short sword (weapon)
Armour
 b - a +0 robe (worn)
Jewellery
 p - an uncursed ring of protection from magic {unknown}
Wands
 r - a wand of polymorph (4)
Scrolls
 e - 2 scrolls of remove curse {unknown}
 f - 6 scrolls of teleportation {unknown}
 h - 2 scrolls of enchant weapon {unknown}
 n - 4 scrolls of identify {unknown}
 o - a scroll of amnesia {unknown}
 q - a scroll of noise {unknown}
Potions
 g - a potion of curing {unknown}
 i - a potion of mutation {unknown}
 j - a potion of lignification
 k - a potion of invisibility
 l - 3 potions of heal wounds {unknown}
 m - a potion of might {unknown}
Books
 c - a book of Maledictions

   Spells                             Type                      Level
   a - Corona                         Hexes                        1
   b - Ensorcelled Hibernation        Hexes/Ice                    2
   c - Confuse                        Hexes                        3
   d - Tukima's Dance                 Hexes                        3
   e - Dazzling Spray                 Conjuration/Hexes            3
Comestibles
 d - 9 rations
 t - 2 chunks of flesh


   Skills:
 + Level 2.6 Short Blades
 - Level 1.7 Dodging
 + Level 3.9 Stealth
 - Level 2.0 Spellcasting
 + Level 4.1 Hexes


You had 5 spell levels left.
You knew the following spells:

 Your Spells              Type           Power        Failure   Level  Hunger
a - Corona                Hex            ###....      3%          1    #......
b - Ensorcelled Hibernat  Hex/Ice        #.....       12%         2    ###....


Dungeon Overview and Level Annotations

Branches:
Dungeon (4/15)
 Temple: D:4-7

Altars:
Kikubaaqudgha
Makhleb
Qazlal
Uskayaw
Wu Jian

Annotations:
D:3 Edmund
D:4 Ikesh's ghost, amateur DDAr


Innate Abilities, Weirdness & Mutations

You have sharp fingernails.
You have razor-sharp toenails.


Message History

Edmund hits you with a dire flail of venom!
You are poisoned.
Ikesh's ghost hits you! Ikesh's ghost burns you.
There is a stone staircase leading up here.
You feel sick.
Edmund hits you with a dire flail of venom!
* * * LOW HITPOINT WARNING * * *
Ikesh's ghost hits you.
* * * LOW HITPOINT WARNING * * *
Ikesh's ghost burns you.
* * * LOW HITPOINT WARNING * * *
You climb upwards.
* * * LOW HITPOINT WARNING * * *
You feel sick.
There is a stone staircase leading down here.
You see here a stone.
Unknown command.
It was a potion of invisibility.
You fade into invisibility!
You die...

..............#.#.####
#######.###.###...# #.##..#
#..## #.##.####..##
#..#<#......#
##.#(#......###### #####
#)#.#...........#
)...####...#...........#
###............@@......#
#####................#
###..##.#.##.......#
#####....##.....>#.....#
......#........##############
######....###.#######...#...##
##...)....#
#................##
#........##
#######...........# >......#.#
#...........###


You could see Edmund.

Vanquished Creatures
  An orc wizard (D:4)
  Natasha (D:2)
  3 gnolls
  2 adders (D:2)
  A worm (D:3)
  A dart slug (D:1)
  2 leopard geckos (D:2)
  7 orcs
  4 bats
  2 giant cockroaches
  A goblin (D:3)
  6 hobgoblins
  3 frilled lizards
  6 kobolds
  4 rats
44 creatures vanquished.

Notes
Turn   | Place    | Note
-------+----------+-------------------------------------------
     0 | D:1      | Jannitor the Demonspawn Enchanter began the quest for the Orb.
     0 | D:1      | Reached XP level 1. HP: 13/13 MP: 3/3
    57 | D:1      | Reached skill level 1 in Short Blades
   332 | D:1      | Gained mutation: You have sharp toenails. [demonic ancestry]
   332 | D:1      | Reached XP level 2. HP: 13/19 MP: 5/5
   478 | D:1      | Learned a level 2 spell: Ensorcelled Hibernation
  1062 | D:2      | Noticed Natasha
  1084 | D:2      | Gained mutation: You have sharp fingernails. [demonic ancestry]
  1084 | D:2      | Reached XP level 3. HP: 15/24 MP: 3/6
  1472 | D:2      | Found an ornate altar of the Wu Jian Council.
  1703 | D:3      | Found a stormy altar of Qazlal.
  2430 | D:3      | Gained mutation: You have razor-sharp toenails. [demonic ancestry]
  2430 | D:3      | Reached XP level 4. HP: 30/30 MP: 4/7
  2942 | D:3      | Found a burning altar of Makhleb.
  2942 | D:3      | Found an ancient bone altar of Kikubaaqudgha.
  3044 | D:4      | Found a hide-covered altar of Uskayaw.
  3074 | D:4      | Reached skill level 4 in Hexes
  3095 | D:4      | Noticed Ikesh's ghost (amateur DDAr)
  3104 | D:4      | Noticed Edmund
  3346 | D:2      | Killed Natasha
  3346 | D:2      | Reached XP level 5. HP: 29/35 MP: 5/8
  3404 | D:3      | HP: 1/35 [poisoned by Edmund]
  3405 | D:3      | Succumbed to Edmund's poison

Skill      XL: |  1  2  3  4 |
---------------+-------------+-----
Short Blades   | 1 2 |  2.6
Stealth        | 3 |  3.9
Hexes          | 4 |  4.1
Dodging        | |  1.7
Spellcasting   | |  2.0

Action                   |  1- 3 |  4- 6 || total
-------------------------+-------+-------++-------
Melee: Dagger            |   111 |     4 ||   115
       Kick              |     5 |     1 ||     6
       Short sword       |       |    25 ||    25
 Cast: Ensorcelled Hiber |    14 |    12 ||    26
  Use: Potion            |       |     2 ||     2
 Stab: Sleeping          |    17 |     6 ||    23
       Distracted        |       |     1 ||     1
  Eat: Chunk             |     6 |     1 ||     7
       Ration            |       |     1 ||     1
Armor: Robe              |    13 |       ||    13
       Skin              |       |    17 ||    17
Dodge: Dodged            |    75 |    19 ||    94
